 Dungeon Crawl Stone Soup version 0.20.0-14-g326068f (webtiles) character file.

84 Qew7 the Twirler (level 4, -2/34 HPs)
             Began as a Demonspawn Gladiator on June 8, 2017.
             Slain by Grinder (8 damage)
             ... on level 3 of the Dungeon.
             The game lasted 00:04:44 (2154 turns).

Qew7 the Twirler (Demonspawn Gladiator)             Turns: 2154, Time: 00:04:45

Health: -2/34      AC:  5    Str: 18    XL:     4   Next: 23%
Magic:  3/3        EV: 13    Int:  9    God:
Gold:   99         SH:  0    Dex: 14    Spells: 3/3 levels left

rFire    . . .     SeeInvis .   s - +0 quarterstaff
rCold    . . .     Gourm    .   (shield currently unavailable)
rNeg     . . .     Faith    .   b - +0 leather armour
rPois    .         Spirit   .   (helmet restricted)
rElec    .         Reflect  .   (no cloak)
rCorr    .         Harm     .   (no gloves)
MR       .....     Clarity  +   (no boots)
Stlth    +.........             (no amulet)
Regen    0.2/turn               e - +2 ring of strength
MPRegen  0.1/turn               (no ring)

@: no status effects
A: horns 1, iridescent scales 1, clarity, low mp 1
a: no special abilities


You were on level 3 of the Dungeon.
You were not hungry.

You visited 1 branch of the dungeon, and saw 3 of its levels.

You collected 99 gold pieces.

Inventory:

Hand Weapons
 a - a +0 quarterstaff
 i - a +0 spear
 s - a +0 quarterstaff (weapon)
Missiles
 d - 2 throwing nets (quivered)
Armour
 b - a +0 leather armour (worn)
 c - a +0 helmet
Jewellery
 e - a +2 ring of strength (left hand)
Scrolls
 f - a scroll of teleportation {unknown}
 k - a scroll of amnesia {unknown}
 m - a scroll of fear {unknown}
 p - 2 scrolls of remove curse
 q - a scroll of immolation {unknown}
 r - a scroll of blinking {unknown}
Potions
 h - a potion of curing
 j - a potion of resistance
 l - a potion of brilliance
Comestibles
 o - 2 royal jellies


   Skills:
 + Level 2.5 Fighting
 + Level 3.6 Staves
 + Level 1.9 Throwing
 + Level 1.0 Armour
 + Level 3.1 Dodging
 + Level 0.6 Stealth


You had 3 spell levels left.
You didn't know any spells.

Dungeon Overview and Level Annotations

Branches:
Dungeon (3/15)

Altars:

Annotations:
D:3 Grinder


Innate Abilities, Weirdness & Mutations

You have a pair of small horns on your head.
You are partially covered in iridescent scales. (AC +2)
You possess an exceptional clarity of mind.
Your magical capacity is low. (-10% MP)


Message History

j - a potion of resistance It was a potion of mutation.
You feel extremely strange.
You feel less energetic.
Your thoughts seem clearer.
Grinder gestures at you. Pain shoots through your body!
* * * LOW HITPOINT WARNING * * *
You are too injured to fight recklessly!
You are too injured to fight recklessly!
You are too injured to fight recklessly!
You are too injured to fight recklessly!
You are too injured to fight recklessly!
You are too injured to fight recklessly!
You completely miss Grinder.
Grinder is lightly wounded.
Grinder gestures at you. You resist with significant effort.
You barely miss Grinder.
Grinder is lightly wounded.
Grinder hits you!
You die...

######.##)....##.#
#.# #.#########.#
#.# #.# ###.# #.#
#.# #...# #.#
#.#######.### #.#
#.........# #.#
########..#
###.######## #..#
#..(........ #.@#
#.####...### #.5#
##.####.#.# #
#...(.........#.###
#.#####..#...†#....
#.# # #.#######. #.
#. #.... #. # #.##.
#. # #. #. ......


You could see Grinder.

Vanquished Creatures
  An adder (D:2)
  A worm (D:2)
  2 dart slugs (D:3)
  4 leopard geckos
  5 giant cockroaches
  2 goblins
  8 hobgoblins
  5 jackals
  7 kobolds
  3 quokkas
  A ball python skeleton (D:3)
  6 bats
  3 frilled lizards
  A jackal skeleton (D:3)
  A quokka skeleton (D:3)
  12 rats
62 creatures vanquished.

Notes
Turn   | Place    | Note
-------+----------+-------------------------------------------
     0 | D:1      | Qew7 the Demonspawn Gladiator began the quest for the Orb.
     0 | D:1      | Reached XP level 1. HP: 16/16 MP: 1/1
   147 | D:1      | Gained mutation: You have a pair of small horns on your head. [demonic ancestry]
   147 | D:1      | Reached XP level 2. HP: 20/22 MP: 2/2
  1131 | D:2      | Reached XP level 3. HP: 28/28 MP: 3/3
  1654 | D:2      | Reached skill level 1 in Armour
  1950 | D:3      | Gained mutation: You are partially covered in iridescent scales. (AC +2) [demonic ancestry]
  1950 | D:3      | Reached XP level 4. HP: 34/34 MP: 4/4
  2138 | D:3      | Noticed Grinder
  2145 | D:3      | Paralysed by Grinder for 3 turns
  2152 | D:3      | Gained mutation: Your magical capacity is low. (-10% MP) [potion of mutation]
  2152 | D:3      | Gained mutation: You possess an exceptional clarity of mind. [potion of mutation]
  2154 | D:3      | Slain by Grinder

Skill      XL: |  1  2  3 |
---------------+----------+-----
Staves         | 3 |  3.6
Dodging        | 3 |  3.1
Armour         | 1 |  1.0
Fighting       | |  2.5
Throwing       | |  1.9
Stealth        | |  0.6

Action                   |  1- 3 |  4- 6 || total
-------------------------+-------+-------++-------
Melee: Quarterstaff      |   140 |    27 ||   167
       Headbutt          |    19 |     3 ||    22
Throw: Throwing net      |       |     1 ||     1
  Use: Scroll            |       |     3 ||     3
       Potion            |       |     2 ||     2
 Stab: Sleeping          |       |     1 ||     1
  Eat: Bread ration      |     1 |       ||     1
Armor: Leather armour    |    42 |     6 ||    48
Dodge: Dodged            |   104 |    14 ||   118
